[ AOE2 MATCH · #493758278 ]
UnrankedMongols vs Japanese
Player's team · WIN
Rival team · LOSS
[ REPLAY ANALYSIS · EXTRACTED FROM THE RECORDED GAME ]
Feudal
—
Castle
—
Imperial
—
| APM avg | 70.8 |
| APM peak | 102 |
| eAPM avg | 15.8 |
| Villagers / military | 21 / 0 |
Focus
⚔️ 14.9% · 🌾 85.1%
Feudal
—
Castle
—
Imperial
—
| APM avg | 61.1 |
| APM peak | 90 |
| eAPM avg | 21.4 |
| Villagers / military | 12 / 0 |
Focus
⚔️ 31.6% · 🌾 68.4%
Match map
Initial resources + every placement click. Lines = walls · curves = elevation contours. ◆ gold · ⬟ stone · ● berries · ✦ relic · ◌ wall gap
Your base
WUT's base
Smoothed initial terrain · ◌ = detected wall gap · hover for details
Inputs per minute
— vR-MrReD - - WUT
Build order — vR-MrReD
26 actions detected in the replay
| 0:00 | Create | Villager (Male) |
| 0:01 | Create | Villager (Male) |
| 0:01 | Create | Villager (Male) |
| 0:01 | Create | Villager (Male) |
| 0:03 | Build | House |
| 0:04 | Build | House |
| 1:23 | Create | Villager (Male) |
| 1:42 | Create | Villager (Male) |
| 1:45 | Build | Lumber Camp |
| 2:18 | Create | Villager (Male) |
| 2:33 | Build | House |
| 2:42 | Create | Villager (Male) |
| 3:06 | Create | Villager (Male) |
| 3:06 | Create | Villager (Male) |
| 3:19 | Create | Villager (Male) |
| 3:39 | Create | Villager (Male) |
| 3:39 | Create | Villager (Male) |
| 3:39 | Create | Villager (Male) |
| 4:39 | Create | Villager (Male) |
| 4:39 | Create | Villager (Male) |
| 4:40 | Create | Villager (Male) |
| 4:40 | Create | Villager (Male) |
| 4:40 | Create | Villager (Male) |
| 4:41 | Create | Villager (Male) |
| 4:42 | Build | Mill |
| 5:11 | Create | Villager (Male) |
Build order — WUT
14 actions detected in the replay
| 0:01 | Create | Villager (Male) ×4 |
| 0:02 | Build | House |
| 0:04 | Build | House |
| 1:22 | Create | Villager (Male) |
| 1:46 | Build | Lumber Camp |
| 1:54 | Create | Villager (Male) |
| 2:13 | Create | Villager (Male) |
| 2:43 | Create | Villager (Male) |
| 2:59 | Build | House |
| 3:14 | Create | Villager (Male) |
| 3:39 | Create | Villager (Male) |
| 4:04 | Create | Villager (Male) |
| 4:10 | Build | Barracks |
| 5:10 | Create | Villager (Male) |
Match timeline
| 4:10 | WUT · first_building Barracks |
| 5:22 | WUT · resign |
[ AI ANALYSIS · 1 CREDIT ]
What really happened in this match?
Wolo.gg analyzes every decision: build order, eco, micro, common mistakes by bracket. Personalized analysis on WhatsApp or Discord in 30 seconds.
Civ guide
Mongols
Perfil
vR-MrReD